 Dungeon Crawl Stone Soup version 0.18-a0-952-g309898a (webtiles) character file.

27 Duffy the Slasher (level 2, -2/19 HPs)
             Began as a High Elf Gladiator on Dec 31, 2015.
             Was an Initiate of the Shining One.
             Slain by a hobgoblin
             ... wielding a +0 club
              (4 damage)
             ... on level 2 of the Dungeon.
             The game lasted 00:00:51 (638 turns).

Duffy the Slasher (High Elf Gladiator)               Turns: 638, Time: 00:00:51

Health: -2/19      AC:  6    Str: 14    XL:     2   Next: 93%
Magic:  3/3        EV: 12    Int: 11    God:    the Shining One [......]
Gold:   52         SH:  0    Dex: 18    Spells: 0 memorised, 1 level left

rFire  . . .     SeeInvis .     a - +0 long sword
rCold  . . .     Gourm    .     k - +0 ring mail
rNeg   . . .     Faith    .     (no shield)
rPois  .         Spirit   .     c - +0 helmet
rElec  .         Dismiss  .     (no cloak)
rCorr  .         Reflect  .     (no gloves)
SustAt .         Harm     .     (no boots)
MR     .....                    (no amulet)
Stlth  +.........               (no ring)
                                j - +3 ring of dexterity

@: not resistant to hostile enchantments, very unstealthy
A: no striking features
a: Renounce Religion


You were on level 2 of the Dungeon.
You worshipped the Shining One.
The Shining One was noncommittal.
You were not hungry.

You visited 1 branch of the dungeon, and saw 2 of its levels.

You collected 52 gold pieces.


   Skills:
 - Level 2.0 Fighting
 + Level 5.0 Long Blades
 - Level 2.0 Throwing
 - Level 3.2 Dodging


You had one spell level left.
You didn't know any spells.

Inventory:

Hand Weapons
 a - a +0 long sword (weapon)
Missiles
 d - 3 throwing nets (quivered)
Armour
 b - a +0 leather armour
 c - a +0 helmet (worn)
 k - a +0 ring mail (worn)
Jewellery
 j - a +3 ring of dexterity (left hand)
Scrolls
 g - a scroll of amnesia {unknown}
 h - a scroll of remove curse {unknown}
Potions
 e - a potion of magic {unknown}
 i - a potion of heal wounds {unknown}
Comestibles
 f - 2 bread rations

Dungeon Overview and Level Annotations

Branches:
Dungeon (2/15)

Altars:
Yredelemnul
The Shining One

Annotations:
D:2 Robin


Message History

The worm is lightly wounded.
The worm bites you.
You hit the worm.
The worm is lightly wounded.
The hobgoblin barely misses you.
Robin roars a battlecry!
The goblins go into a battle-frenzy!
You slash the worm!
The worm is heavily wounded.
The goblin hits you with a club. The worm bites you but does no damage.
You slash the worm!
The worm is almost dead.
The goblin hits you but does no damage.
The hobgoblin hits you but does no damage.
Robin throws the goblin at you! The goblin hits you but does no damage.
The hobgoblin closely misses you. The worm bites you!
You are too injured to fight recklessly!
You are too injured to fight recklessly!
You are too injured to fight recklessly!
You are too injured to fight recklessly!
You are too injured to fight recklessly!
You are too injured to fight recklessly!
You are too injured to fight recklessly!
You are too injured to fight recklessly!
You are too injured to fight recklessly!
You are too injured to fight recklessly!
You are too injured to fight recklessly!
You barely miss the goblin. The goblin hits you but does no damage.
The hobgoblin hits you but does no damage.
The goblin hits you with a club. The hobgoblin closely misses you.
You slash the goblin!
You kill the goblin!
Robin throws the goblin at you! The goblin barely misses you.
The hobgoblin hits you with a club.
You die...

#. #.)## #.##.#.##
#.......##
#.#..###...# ##
#### #......)).###
.......
#...........# .#g..
. ####.%##.##.# g..
...
#..##.##.###g#g....
#......).$g@wgg....
#..##.##.##gg.....#
#.. #.##.##gg#..###
#.> .....##..# .#
#.# #......... #
######..## ...#
#.##


You could see a worm, Robin, 4 hobgoblins and 6 goblins.

Action                   || total
-------------------------++-------
Melee: Long sword        ||    66

Notes
Turn   | Place    | Note
--------------------------------------------------------------
     0 | D:1      | Duffy the High Elf Gladiator began the quest for the Orb.
     0 | D:1      | Reached XP level 1. HP: 14/14 MP: 2/2
   185 | D:2      | Reached skill level 4 in Long Blades
   205 | D:2      | Reached XP level 2. HP: 6/19 MP: 3/3
   444 | D:2      | Found a basalt altar of Yredelemnul.
   453 | D:2      | Found a glowing golden altar of the Shining One.
   455 | D:2      | Noticed an angel
   463 | D:2      | Became a worshipper of the Shining One
   616 | D:2      | Reached skill level 5 in Long Blades
   633 | D:2      | Noticed Robin
   638 | D:2      | Slain by a hobgoblin

Vault maps used:
D:1:      noname_arrival_rooms_in_the_neighbourhood,
          minmay_misc_feat_more_columns, minmay_stone_trees_medium,
          hangedman_decor_peaks_small, serial_bayou_ford_a
D:2:      lemuel_upstairs_altar, grunt_temple_overflow_holy_war, tgw_xom,
          uniq_robin

Vanquished Creatures
  2 worms
  A giant cockroach
  2 goblins
  2 hobgoblins
  3 jackals
  A ball python
  A bat
  6 kobolds
  2 rats
20 creatures vanquished.
